 Dungeon Crawl Stone Soup version 0.29.1-1-gd02db6906a (webtiles) character file.

Game seed: 14441646906590366908

1981 fireball365 the Cleaver (level 9, -12/69 (70) HPs)
             Began as a Minotaur Fighter on Oct 11, 2022.
             Was an Initiate of Gozag.
             Mangled by an orc wizard
             ... wielding a +0 bardiche
              (13 damage)
             ... on level 6 of the Dungeon.
             The game lasted 00:23:46 (6229 turns).

fireball365 the Cleaver (Minotaur Fighter)          Turns: 6229, Time: 00:23:46

HP:   -12/69 (70)   AC: 15    Str: 17    XL:     9   Next: 1%
MP:   17/17         EV: 10    Int: 13    God:    Gozag
Gold: 445           SH:  5    Dex: 12    Spells: 7/8 levels left

rFire   . . .      SeeInvis .   L - +0 morningstar
rCold   . . .      Faith    .   c - +0 buckler
rNeg    . . .      Spirit   .   b - +0 scale mail
rPois   .          Reflect  .   (helmet restricted)
rElec   .          Harm     .   k - +2 cloak of the Arcane {Fly MP+9 Str-4 Slay+2}
rCorr   .          Rampage  .   (no gloves)
Will    .....                   (no boots)
Stlth   ..........              (no amulet)
HPRegen 0.21/turn               r - +4 ring of protection
MPRegen 0.15/turn               q - +6 ring of intelligence

@: about to teleport, gold aura, flying, lightly drained
A: horns 2, retaliatory headbutt
a: Renounce Religion, Potion Petition, Call Merchant, Bribe Branch


You were on level 6 of the Dungeon.
You worshipped Gozag.
Gozag was aware of your devotion.
You visited 1 branch of the dungeon, and saw 6 of its levels.

You collected 515 gold pieces.
You paid 70 gold pieces to Gozag.

Inventory:

Hand Weapons
 a - a +0 war axe
 n - the +6 sling "Death Rattle" {flame, Drain rN+++ Str+6}
   (You found it on level 2 of the Dungeon)

   Any ammunition fired from it burns those it strikes, dealing additional fire
   damage.
   Str:       It affects your strength (+6).
   rN:        It renders you almost immune to negative energy.
   Drain:     It drains your maximum health when unequipped.
 w - a +0 battleaxe
 A - a +0 vorpal flail
 D - a +2 whip of freezing
 L - a +0 morningstar (weapon)
Missiles
 m - 22 stones
 t - 5 boomerangs
 F - 13 poisoned darts
 K - 6 javelins
Armour
 b - a +0 scale mail (worn)
 c - a +0 buckler (worn)
 k - the +2 cloak of the Arcane (worn) {Fly MP+9 Str-4 Slay+2}
   (You found it on level 4 of the Dungeon)

   Str:       It affects your strength (-4).
   Slay:      It affects your accuracy & damage with ranged weapons and melee
   (+2).
   MP:        It affects your magic capacity (+9).
   Fly:       It grants you flight.
 p - a +3 leather armour of willpower
 E - a +2 robe
Jewellery
 g - a ring of positive energy
 q - a +6 ring of intelligence (right hand)
 r - a +4 ring of protection (left hand)
 J - a ring of wizardry
Wands
 d - a wand of polymorph (5)
 x - a wand of roots (8)
Scrolls
 e - 2 scrolls of identify
 i - 4 scrolls of poison
 j - 3 scrolls of teleportation
 l - a scroll of amnesia {unknown}
 v - a scroll of vulnerability {unknown}
 y - a scroll of magic mapping {unknown}
 G - a scroll of enchant armour {unknown}
 I - a scroll of torment {unknown}
Potions
 f - a potion of ambrosia
 h - a potion of attraction {unknown}
 o - a potion of haste {unknown}
 s - a potion of magic {unknown}
 u - a potion of mutation {unknown}
 z - a potion of curing {unknown}
 B - a potion of brilliance {unknown}
 H - 3 potions of might


   Skills:
 - Level 3.6 Fighting
 * Level 11.1 Axes
 + Level 7.4 Armour
 + Level 3.0 Dodging
 + Level 1.2 Stealth
 + Level 5.3 Shields
 + Level 1.5 Unarmed Combat


You had 7 spell levels left.
You knew the following spells:

 Your Spells              Type           Power      Damage    Failure   Level
a - Sandblast             Erth           0%         2d4       75%         1

Your spell library contained the following spells:

 Spells                   Type           Power      Damage    Failure   Level
 Ensorcelled Hibernation  Hex/Ice        0%         N/A       87%         2
 Passwall                 Tmut/Erth      0%         N/A       87%         2
 Sublimation of Blood     Necr           0%         N/A       87%         2
 Wereblood                Tmut           0%         N/A       87%         2
 Stone Arrow              Conj/Erth      0%         3d7       98%         3
 Swiftness                Air            0%         N/A       98%         3
 Animate Armour           Summ/Erth      0%         N/A       100%        4
 Summon Hydra             Summ           0%         N/A       100%        7
 Lehudib's Crystal Spear  Conj/Erth      0%         10d2      100%        8


Dungeon Overview and Level Annotations

Branches:
Dungeon (6/15)             Temple (0/1) D:4

Altars:
Fedhas
Gozag
Makhleb
Okawaru
Sif Muna
Trog
Vehumet
Yredelemnul

Shops:
D:5 (


Innate Abilities, Weirdness & Mutations

You have a pair of horns on your head.
You reflexively headbutt those who attack you in melee.


Message History

You thump something! Your headbutt misses something.
Something completely misses you. The orc hits you but does no damage. x2
You barely miss something. Something hits you.
* * * LOW HITPOINT WARNING * * *
The orc barely misses you.
The orc priest hits you but does no damage.
You feel drained. You block the orc's attack.
The orc priest mumbles some strange prayers to Beogh against you.
Beogh smites you!
* * * LOW HITPOINT WARNING * * *
The orc closely misses you.
You hear some strange, mumbled words.
A magic dart appears from out of thin air!
The magic dart hits you but does no damage.
The orc hits you with a +0 club.
* * * LOW HITPOINT WARNING * * *
As you read the scroll of teleportation, it crumbles to dust.
You feel strangely unstable.
You hear some strange, mumbled words.
A magic dart appears from out of thin air!
The magic dart hits you but does no damage.
The orc closely misses you. The orc priest closely misses you.
You furiously retaliate!
You headbutt the orc priest. The orc hits you with a +0 mace.
* * * LOW HITPOINT WARNING * * *
You barely miss the orc.
The orc is moderately wounded.
Something hits you but does no damage. The orc hits you but does no damage.
You block the orc priest's attack. The orc hits you but does no damage.
You hit the orc. Your headbutt misses the orc.
The orc is heavily wounded.
Something hits you.
* * * LOW HITPOINT WARNING * * *
The orc hits you but does no damage. You block the orc priest's attack.
The orc hits you but does no damage.
You hit the orc.
You kill the orc!
Something hits you!
You die...
Your body crumbles into a pile of gold.

# #...#
#.# #
#...# #.#
# #...#
#.# #...#
#.# #.#
#######.#
........#
......o$#
##.....@#
###+#o{#
#..# #..#
+..) #..#
#..# #.##


You could see an orc priest and an orc.

Vanquished Creatures
  Pikel (D:4)
  The ghost of Arctor the Ruffian, a novice DrTm (D:5)
  Eustachio (D:4)
  A wyvern (D:4)
  A black bear (D:5)
  3 ogres
  A phantom (D:4)
  A lemure (D:4)
  2 howler monkeys
  2 hounds (D:5)
  A gnoll bouda (D:5)
  3 iron imps (D:3)
  Terence (D:2)
  An iguana (D:6)
  6 gnolls
  8 adders
  An ufetubus (D:5)
  2 worms
  2 dart slugs
  7 orcs
  8 endoplasms
  2 giant cockroaches
  5 goblins
  6 hobgoblins
  10 jackals
  4 quokkas
  11 ball pythons
  4 bats
  2 frilled lizards
  10 kobolds
  6 rats
114 creatures vanquished.

Vanquished Creatures (others)
  6 plants (D:4)
6 creatures vanquished.

Grand Total: 120 creatures vanquished

Notes
Turn   | Place    | Note
-------+----------+-------------------------------------------
     0 | D:1      | fireball365 the Minotaur Fighter began the quest for the
                  | Orb.
     0 | D:1      | Reached XP level 1. HP: 19/19 MP: 0/0
   119 | D:1      | Found a faded altar of an unknown god.
   149 | D:1      | Reached XP level 2. HP: 20/26 MP: 1/1
   160 | D:1      | Prayed at the altar of an unknown god.
   160 | D:1      | Became a worshipper of Vehumet
   160 | D:1      | Reached * piety under Vehumet
   160 | D:1      | Offered knowledge of Sandblast by Vehumet.
   209 | D:1      | Learned a level 1 spell: Sandblast
   849 | D:1      | Reached XP level 3. HP: 30/31 MP: 2/2
  1076 | D:2      | Reached skill level 3 in Axes
  1166 | D:2      | Reached ** piety under Vehumet
  1166 | D:2      | Offered knowledge of Freeze by Vehumet.
  1178 | D:2      | Reached XP level 4. HP: 29/39 MP: 3/3
  1239 | D:2      | Identified the +6 sling "Death Rattle" {flame, Drain rN+++
                  | Str+6}
  1316 | D:2      | Reached skill level 4 in Axes
  1730 | D:2      | Noticed Terence
  1735 | D:2      | Killed Terence
  1736 | D:2      | Reached skill level 1 in Dodging
  1944 | D:3      | Found a shimmering blue altar of Sif Muna.
  2114 | D:3      | Reached XP level 5. HP: 40/45 MP: 4/4
  2194 | D:3      | Found a burning altar of Makhleb.
  2214 | D:3      | Reached skill level 5 in Axes
  2299 | D:3      | Reached skill level 6 in Axes
  2621 | D:3      | Found a blossoming altar of Fedhas.
  2713 | D:3      | Reached XP level 6. HP: 51/51 MP: 5/5
  3075 | D:4      | Found an opulent altar of Gozag.
  3081 | D:4      | Noticed a wyvern
  3085 | D:4      | Noticed Eustachio
  3090 | D:4      | Killed a wyvern
  3091 | D:4      | Reached skill level 5 in Armour
  3175 | D:4      | Killed Eustachio
  3176 | D:4      | Reached skill level 7 in Axes
  3176 | D:4      | Reached XP level 7. HP: 18/57 MP: 6/6
  3551 | D:4      | Found a bloodstained altar of Trog.
  3571 | D:4      | Identified the +2 cloak of the Arcane {Fly MP+9 Str-4
                  | Slay+2}
  3596 | D:4      | Reached skill level 8 in Axes
  3899 | D:4      | Noticed Pikel
  4177 | D:4      | Killed Pikel
  4177 | D:4      | Offered knowledge of Mephitic Cloud by Vehumet.
  4178 | D:4      | Reached skill level 9 in Axes
  4178 | D:4      | Reached skill level 1 in Stealth
  4178 | D:4      | Reached skill level 1 in Unarmed Combat
  4178 | D:4      | Reached XP level 8. HP: 51/64 MP: 7/7
  4277 | D:4      | Found a staircase to the Ecumenical Temple.
  4344 | D:4      | Fell from the grace of Vehumet
  4344 | D:4      | Became a worshipper of Gozag Ym Sagoz the Greedy
  4513 | D:4      | Found a basalt altar of Yredelemnul.
  4542 | D:5      | Entered Level 5 of the Dungeon
  4696 | D:5      | Reached skill level 10 in Axes
  4753 | D:5      | Found a runed translucent door.
  4753 | D:5      | Noticed Arctor's ghost (novice DrTm)
  4779 | D:5      | Killed Arctor's ghost
  4780 | D:5      | Reached skill level 5 in Shields
  4840 | D:5      | Reached skill level 11 in Axes
  5700 | D:5      | Found Joawoali's Antique Weapon Boutique.
  6106 | D:6      | Found an iron altar of Okawaru.
  6173 | D:6      | Reached XP level 9. HP: 70/70 MP: 8/8
  6228 | D:6      | HP: 1/69 [something (6)]
  6229 | D:6      | Mangled by an orc wizard

Illustrated notes

Levels and vault maps discovered:
D:1:      nicolae_arrival_washed_ashore, layout_basic,
          nicolae_ecumenical_snake_handling
D:2:      layout_loops_ring, uniq_terence
D:3:      layout_basic, demons_altar, mainiacjoe_overflow_24_doors,
          fedhas_altar_4, corexii_corridor_pit
D:4:      layout_gridville, nicolae_gozag_seed_capital, lightli_temple_of_fire,
          mainiacjoe_overflow_alcove_2, minmay_temple_entry_overgrown,
          uniq_pikel, uniq_eustachio
D:5:      minmay_spotlight, layout_basic, serial_shops, nicolae_shop_trees,
          gammafunk_ghost_grave, kennysheep_generic_room_3
D:6:      corexii_shantytown, layout_basic, okawaru_metal_pillars_3,
          kennysheep_another_room, corexii_corridor_pit

Skill      XL: |  1  2  3  4  5  6  7  8 |
---------------+-------------------------+-----
Armour         | 4 5 6 7 |  7.4
Shields        | 4 5 |  5.3
Axes           | 3 4 6 7 9 11 | 11.1
Dodging        | 1 2 3 |  3.0
Stealth        | 1 |  1.2
Unarmed Combat | 1 |  1.5
Fighting       | |  3.6

Action                   |  1- 3 |  4- 6 |  7- 9 || total
-------------------------+-------+-------+-------++-------
Melee: War axe           |    90 |   107 |   143 ||   340
       Headbutt          |     7 |    13 |    24 ||    44
       Unarmed           |       |    10 |       ||    10
       Morningstar       |       |       |    11 ||    11
  Use: Potion            |     1 |     5 |       ||     6
       Scroll            |       |       |     6 ||     6
Armor: Scale mail        |    74 |    78 |    77 ||   229
       Skin              |       |    19 |       ||    19
Dodge: Dodged            |    85 |    92 |    74 ||   251
Block: Buckler           |    28 |    30 |    26 ||    84
